 Dungeon Crawl Stone Soup version 0.30.1-11-g7821555f0a (webtiles) character file.

Game seed: 15897216544539692177

11 comborobin the Sneak (level 2, 0/16 HPs)
             Began as a Spriggan Delver on Dec 4, 2023.
             Slain by an orc
             ... wielding a +0 war axe
              (10 damage)
             ... on level 9 of the Dungeon.
             The game lasted 00:01:23 (227 turns).

comborobin the Sneak (Spriggan Delver)               Turns: 227, Time: 00:01:24

Health: 0/16       AC:  2    Str:  8    XL:     2   Next: 13%
Magic:  3/3        EV: 17    Int: 11    God:
Gold:   14         SH:  0    Dex: 16    Spells: 1/1 levels left

rFire   . . .        a - +0 short sword
rCold   . . .        (no shield)
rNeg    . . .        b - +0 robe
rPois   .            (helmet restricted)
rElec   .            (no cloak)
rCorr   .            (gloves unavailable)
SInv    +            (boots unavailable)
Will    .....        (no amulet)
Stlth   ++           (no ring)
HPRegen 0.22/turn    (no ring)
MPRegen 0.08/turn

%: no passive effects
@: confused, very quick
A: very small, no large weapons, unfitting armour, see invisible, speed 3
a: no special abilities


You were on level 9 of the Dungeon.
You visited 1 branch of the dungeon, and saw 5 of its levels.

You collected 14 gold pieces.

Inventory:

Hand Weapons
 a - a +0 short sword (weapon)
Missiles
 i - 6 stones (quivered)
 k - 5 poisoned darts
Armour
 b - a +0 robe (worn)
Scrolls
 c - a scroll of fog
 d - a scroll of magic mapping
 e - a scroll of fear
 h - a scroll of amnesia {unknown}
 j - 2 scrolls of identify {unknown}
Potions
 f - a potion of haste
 g - a potion of curing {unknown}


   Skills:
 - Level 2.4 Fighting
 + Level 2.5 Short Blades
 + Level 3.1 Dodging
 + Level 7.5 Stealth


You had one spell level left.
You didn't know any spells.
Your spell library was empty.

Dungeon Overview and Level Annotations

Branches:
Dungeon (9/15)
 Temple: D:4-7         Lair: D:8-11         Orc: D:9-12

Altars:
Elyvilon


Innate Abilities, Weirdness & Mutations

You are very small and have problems with some larger weapons.
You are too small for most types of armour.
You have supernaturally acute eyesight. (SInv)
You cover ground extremely quickly. (Speed+++)


Message History

You see here 5 poisoned darts.
k - 5 poisoned darts You open the door.
Found a scroll labelled ZEGOHU QUTT.
There is an open door here.
j - 2 scrolls labelled ZEGOHU QUTT (gained 1)
An orc comes into view. It is wielding a +0 war axe.
An orc wizard comes into view. It is wielding a +0 dagger.
Found a stone staircase leading down.
An orc wizard comes into view. It is wielding a +0 dagger.
The orc wizard shouts! x2; The orc shouts!
The orc wizard gestures wildly while chanting.
The orc wizard flickers and vanishes for a moment.
The orc wizard mumbles some strange words.
The orc wizard flickers and vanishes for a moment.
The orc wizard points at you and mumbles some strange words.
The puff of flame hits you!
Ouch! That really hurt!
The orc wizard gestures at you while chanting.
You are confused.
You bump into the rock wall.
You're too confused to move!
You bump into the rock wall.
You feel less confused. The orc misses you.
An orc comes into view. It is wielding a +0 flail.
The orc barely misses you.
The orc wizard points at you and mumbles some strange words.
You are confused.
There is a stone staircase leading down here.
In your confused state, you trip and fall down the stairs.
You climb downwards.
Found a stone staircase leading down.
There is a stone staircase leading up here.
You barely miss the orc.
Okay, then.
You bump into the rock wall.
The orc misses you.
You bump into the rock wall.
The orc hits you with a +0 war axe!
Ouch! That really hurt!
You die...

#....
#...
#... #..
#.. #.#
#.# #o#
#@# #.#
..# .>.#
....#
......
.......
########


You could see an orc.

Vanquished Creatures
  A howler monkey zombie (D:6)
1 creature vanquished.

Vanquished Creatures (others)
  A quokka (D:5)
1 creature vanquished.

Grand Total: 2 creatures vanquished

Notes
Turn   | Place    | Note
-------+----------+-------------------------------------------
     0 | D:5      | comborobin the Spriggan Delver began the quest for the Orb.
     0 | D:5      | Reached XP level 1. HP: 11/11 MP: 2/2
    20 | D:5      | Noticed a phantom
    32 | D:5      | Found a white marble altar of Elyvilon.
    40 | D:6      | Noticed a phantom
    57 | D:6      | Reached XP level 2. HP: 16/16 MP: 3/3
   227 | D:9      | Slain by an orc

Illustrated notes

Levels and vault maps discovered:
D:5:      cheibrodos_fertilizer, layout_loops_cross, elyvilon_altar_4,
          okawaru_ov_weapons_minmay, nicolae_vehumet_altar_sigil,
          minmay_temple_entry_large_hall
D:6:      layout_loops_ring, serial_undead, serial_undead_f, serial_undead_e,
          serial_undead_d, serial_undead_a, serial_undead_a
D:7:      layout_loops_ring, grunt_temple_overflow_diamond,
          nicolae_qazlal_eye_of_the_storm, minmay_fractal_squares_5
D:8:      layout_gridville, serial_shops, nicolae_shop_crystal,
          nicolae_ossuary_entry_ruins, uniq_amaemon
D:9:      nzn_winding_woodlands_three_and_one
          [nzn_winding_woodlands_5x15_longhouse,
          nzn_winding_woodlands_5x15_river_crossing,
          nzn_winding_woodlands_5x15_garden,
          nzn_winding_woodlands_center_lodge], layout_irregular_city,
          uniq_maurice

Skill      XL: |  1 |
---------------+----+-----
Dodging        | 3 |  3.1
Fighting       | |  2.4
Short Blades   | |  2.5
Stealth        | |  7.5

Action                     || total
---------------------------++-------
  Melee: Short sword       ||     5
  Throw: Stone             ||     2
  Evoke: Wand              ||     3
   Stab: Sleeping          ||     1
  Dodge: Dodged            ||     8
